 Dungeon Crawl Stone Soup version 0.31.0-11-ge490571c62 (webtiles) character file.

Game seed: 13203666490998852582

139 Minsecho the Apothecary (level 5, -1/31 HPs)
             Began as an Octopode Alchemist on Feb 8, 2024.
             Splashed by a jelly's acid (7 damage)
             ... on level 3 of the Dungeon.
             The game lasted 00:08:26 (2716 turns).

Minsecho the Apothecary (Octopode Alchemist)        Turns: 2716, Time: 00:08:28

Health: -1/31      AC: -7    Str:  8    XL:     5   Next: 22%
Magic:  6/8        EV: 13    Int: 19    God:
Gold:   53         SH:  0    Dex: 12    Spells: 2/9 levels left

rFire   . . .        f - staff of alchemy
rCold   . . .        (no shield)
rNeg    . . .        (helmet restricted)
rPois   +            (no amulet)
rElec   .            b - ring of willpower
rCorr   .            (no ring)
SInv    .            (no ring)
Will    +....        (no ring)
Stlth   +++          (no ring)
HPRegen 0.25/turn    (no ring)
MPRegen 0.11/turn    (no ring)
                     (no ring)

%: no passive effects
@: corroded
A: almost no armour, amphibious, 8 rings, camouflage 1, gelatinous body 1,
(nimble swimmer 1), tentacles
a: no special abilities


You were on level 3 of the Dungeon.
You visited 1 branch of the dungeon, and saw 3 of its levels.

You collected 168 gold pieces.
You spent 115 gold pieces at shops.

Inventory:

Hand Weapons
 l - a +0 short sword of protection
Missiles
 h - 13 poisoned darts
Magical Staves
 f - a staff of alchemy (weapon)
Jewellery
 b - a ring of willpower (left tentacle)
 s - a ring of magical power
Talismans
 e - a flux talisman
Scrolls
 c - 3 scrolls of enchant armour {unknown}
 d - a scroll of fear {unknown}
 j - a scroll of vulnerability {unknown}
 k - a scroll of torment {unknown}
 m - a scroll of amnesia {unknown}
 n - 2 scrolls of poison {unknown}
 p - a scroll of teleportation
Potions
 a - a potion of magic
 g - 2 potions of enlightenment {unknown}
 i - 3 potions of curing
 o - a potion of might
 q - a potion of mutation
 r - a potion of attraction {unknown}


   Skills:
 + Level 0.1 Fighting
 - Level 0.1 Short Blades
 + Level 2.4 Dodging
 + Level 3.6 Stealth
 + Level 0.7 Unarmed Combat
 + Level 2.6 Spellcasting
 + Level 1.3 Conjurations
 * Level 1.1 Translocations
 * Level 4.6 Alchemy
 * Level 0.2 Shapeshifting


You had 2 spell levels left.
You knew the following spells:

 Your Spells              Type           Power      Damage    Failure   Level
a - Sting                 Conj/Alch      80%        1d8       4%          1
b - Blink                 Tloc           12%        N/A       16%         2
c - Olgreb's Toxic Radia  Alch           30%        N/A       24%         4

Your spell library contained the following spells:

 Spells                   Type           Power      Damage    Failure   Level
 Mercury Vapours          Alch/Air       32%        N/A       10%         2
 Momentum Strike          Conj/Tloc      14%        3d8       14%         2
 Lesser Beckoning         Tloc           12%        N/A       16%         2
 Mephitic Cloud           Conj/Alch/Air  15%        N/A       22%         3
 Sticky Flame             Fire/Alch      16%        2d5       52%         4


Dungeon Overview and Level Annotations

Branches:
Dungeon (3/15)

Altars:

Shops:
D:3 *!


Innate Abilities, Weirdness & Mutations

You cannot wear most types of armour.
You are amphibious.
You can wear up to eight rings at the same time.
Your skin changes colour to match your surroundings (Stealth+).
Your rubbery body absorbs attacks. (AC +1, EV +1)
((You are camouflaged when in or above water. (Stealth+)))
You have tentacles for arms and can constrict up to eight enemies at once.


Message History

You feel a surge of power!
The sting hits the jelly.
The jelly partially resists.
The jelly is poisoned.
The jelly is lightly wounded.
Aiming: Sting (safe; 4% risk of failure)
Press: ? - help, Q - select action, (/) - cycle Shift-Dir - straight line, f - you You feel a surge of power!
Okay, then.
Unknown command.
No target in view!
Aiming: Sting (safe; 4% risk of failure)
Press: ? - help, Q - select action, (/) - cycle Shift-Dir - straight line, f - jelly
Aim: a jelly (lightly wounded, poisoned, 100% to hit)
You feel a surge of power!
The sting hits the jelly.
The jelly partially resists.
The jelly looks even sicker.
The jelly is lightly wounded.
You hit the jelly.
Your tentacles burn!
You squeeze the jelly.
The jelly is heavily wounded.
The jelly hits you. The acid corrodes you!
You are splashed with acid!
You barely miss the jelly.
You squeeze the jelly, but do no damage.
The jelly is heavily wounded.
The jelly closely misses you.
Aiming: Sting (safe; 4% risk of failure)
Press: ? - help, Q - select action, (/) - cycle Shift-Dir - straight line, f/p - jelly
Aim: a jelly (severely wounded, poisoned, 100% to hit)
You feel a surge of power!
The sting hits the jelly.
The jelly partially resists.
The jelly looks even sicker.
The jelly is severely wounded.
The jelly hits you.
You are splashed with acid!
You hit the jelly but do no damage.
Your tentacles burn!
* * * LOW HITPOINT WARNING * * *
You squeeze the jelly.
The jelly is almost dead.
The jelly hits you.
* * * LOW HITPOINT WARNING * * *
The acid corrodes you!
You are splashed with acid!
You die...

#.# #####...)... #.# #.#.....
######.##############.......
#.............).)........[..
##.#..#..#########.∩.....<...
#.......).....###..###.#.....
#....######....##.####.......
#....# ##......#.....#####
#.8.8# #@J...##.##.####
#[#.######.#..............#
#.#........#............<.###
#.#..+.....#.................
#.#.## ###.#..............##.
#.8.8# #...............#.
#....# ##.......####.....#
#....######....##..#.........
#............#.#####.#.......


You could see a jelly (very poisoned).

Vanquished Creatures
  3 gnolls (D:3)
  4 adders
  2 ribbon worms
  3 dart slugs
  5 orcs (D:3)
  5 bats
  5 endoplasms
  A giant cockroach (D:2)
  4 goblins
  A hobgoblin (D:1)
  9 kobolds
  2 quokkas (D:1)
  7 ball pythons
  5 frilled lizards
  5 rats
61 creatures vanquished.

Notes
Turn   | Place    | Note
-------+----------+-------------------------------------------
     0 | D:1      | Minsecho the Octopode Alchemist began the quest for the
                  | Orb.
     0 | D:1      | Reached XP level 1. HP: 11/11 MP: 3/3
   167 | D:1      | Reached XP level 2. HP: 17/17 MP: 0/5
   375 | D:1      | Reached skill level 4 in Alchemy
   419 | D:1      | Learned a level 2 spell: Blink
   511 | D:1      | Reached XP level 3. HP: 21/21 MP: 3/6
  1321 | D:2      | Reached XP level 4. HP: 25/27 MP: 1/7
  2078 | D:3      | Found a faded altar of an unknown god.
  2121 | D:3      | Found Fuqinn's Assorted Antiques.
  2140 | D:3      | Bought a blue potion for 19 gold pieces
  2140 | D:3      | Bought a scroll labelled BIEJ YTHRANOPS for 22 gold pieces
  2140 | D:3      | Bought a viscous white potion for 19 gold pieces
  2140 | D:3      | Bought a scroll labelled NEZXUO QYNEIME for 22 gold pieces
  2157 | D:3      | Found Saut's Distillery.
  2175 | D:3      | Learned a level 4 spell: Olgreb's Toxic Radiance
  2202 | D:3      | Reached skill level 1 in Translocations
  2291 | D:3      | Bought a potion of curing for 33 gold pieces
  2511 | D:3      | Reached XP level 5. HP: 31/31 MP: 2/8
  2716 | D:3      | Splashed by a jelly's acid

Illustrated notes

Levels and vault maps discovered:
D:1:      dpeg_arrival_orchard, layout_basic
D:2:      layout_basic
D:3:      layout_rooms, jmf_multi_god_temple2, serial_shops, shop, shop,
          shapermc_ecumenical_altar_mp_highgroup

Skill      XL: |  1  2  3  4 |
---------------+-------------+-----
Alchemy        | 4 |  4.6
Stealth        | 3 |  3.6
Translocations | 1 |  1.1
Fighting       | |  0.1
Short Blades   | |  0.1
Dodging        | |  2.4
Unarmed Combat | |  0.7
Spellcasting   | |  2.6
Conjurations   | |  1.3
Shapeshifting  | |  0.2

Action                     |  1- 3 |  4- 6 || total
---------------------------+-------+-------++-------
  Melee: Unarmed           |    36 |       ||    36
         Constrict         |    16 |     9 ||    25
         Tentacles         |    12 |    10 ||    22
         Short sword       |     5 |    16 ||    21
         Staff             |       |    12 ||    12
   Cast: Sting             |    43 |    27 ||    70
    Use: Scroll            |       |     3 ||     3
   Stab: Sleeping          |     1 |     4 ||     5
 Armour: Skin              |    20 |    10 ||    30
  Dodge: Dodged            |    22 |    15 ||    37
